 Dungeon Crawl Stone Soup version 0.20.1-1-g8b1a95d (webtiles) character file.

67 Irenicus the Chopper (level 3, -28/32 HPs)
             Began as a Deep Dwarf Gladiator on Nov 5, 2017.
             Killed from afar by an orc (31 damage)
             ... with an exploding inner flame
             ... hexed by the player character
             ... on level 4 of the Dungeon.
             The game lasted 00:03:25 (319 turns).

Irenicus the Chopper (Deep Dwarf Gladiator)          Turns: 319, Time: 00:03:27

Health: -28/32     AC:  8    Str: 16 (17) XL:     3   Next: 98%
Magic:  3/3        EV: 12    Int:  6 (8)  God:
Gold:   23         SH:  0    Dex: 15      Spells: 2/2 levels left

rFire    . . .     SeeInvis .   a - +1 war axe
rCold    . . .     Gourm    .   (no shield)
rNeg     . . .     Faith    .   m - +0 ring mail
rPois    .         Spirit   .   c - +0 helmet
rElec    .         Reflect  .   (no cloak)
rCorr    .         Harm     .   (no gloves)
MR       .....                  (no boots)
Stlth    ..........             (no amulet)
Regen    0.0/turn               p - +2 ring of protection
MPRegen  0.1/turn               (no ring)

@: confused, very slightly contaminated, non-regenerating
A: damage resistance, heal wounds, sense surroundings 1, no regeneration
a: Heal Wounds


You were on level 4 of the Dungeon.
You were not hungry.

You visited 1 branch of the dungeon, and saw 4 of its levels.

You collected 23 gold pieces.

Inventory:

Hand Weapons
 a - a +1 war axe (weapon)
Missiles
 d - 3 throwing nets (quivered)
Armour
 c - a +0 helmet (worn)
 m - a +0 ring mail (worn)
Jewellery
 p - a +2 ring of protection (left hand)
Scrolls
 g - a scroll of remove curse
 j - a scroll of blinking
 l - a scroll of magic mapping
 n - 2 scrolls of noise {unknown}
Potions
 h - a potion of haste
Comestibles
 f - 2 bread rations


   Skills:
 - Level 1.7 Fighting
 + Level 5.4 Axes
 - Level 1.7 Throwing
 - Level 3.2 Dodging


You had 2 spell levels left.
You didn't know any spells.

Dungeon Overview and Level Annotations

Branches:
Dungeon (4/15)             Temple (0/1) D:4

Altars:
Fedhas
Nemelex Xobeh
Qazlal
Xom

Annotations:
D:4 Ijyb


Innate Abilities, Weirdness & Mutations

You are resistant to damage.
You can heal yourself by infusing magical energy.
You passively map a small area around you.
You do not regenerate.


Message History

The orc wizard flickers and vanishes!
The bullfrog hits you.
* * * LOW HITPOINT WARNING * * *
You're too confused!
It was a potion of degeneration.
There was something very wrong with that liquid.
You feel weakened.
You feel dopey.
You feel clumsy. The bullfrog hits you.
The orc priest hits you but does no damage.
Something hits you but does no damage.
Ijyb the Twisted Goblin comes into view.
She is wielding a dagger of venom.
The orc priest looks braver for a moment.
The orc hits you but does no damage.
You closely miss something. You barely miss the bullfrog. You slash the orc!
The orc explodes!
The fiery explosion engulfs something.
You feel your dexterity returning.
Your Axes skill increases to level 5!
You feel a bit more experienced. The fiery explosion engulfs you!
Ouch! That really hurt!
You die...

*,,,,,,,,*,,,,,,,,,,,,,,,,,,,*
*,****,,,*.##..,,,,,,,***,*,,,
****,,,,,,,,*.....,,****** *,*,,*
,,,,,,,**,*,,,...##** *,*,,*
,***,*,**,****#...# *,,,,, ,*
*,*,**,* #...# ****,,,
****,,,,,,* #...# **,,,,*,
*,,,,,,,*** #...# *,,,,,,,
,,,,,,,,**#####§@F######**..,#**,
,,***,*,*#......§)o....#*...#.##.
,,,,,,,,,......§§o.....#*#.#.....
,,,,,,*,*#......r...)..###..#...,
,,,**,*,*####h#...#.##.#).....#**
,,,,,,,,* *#.....#.##.#.#....#
**,****** *..._....##.#.#.##.#
*,* **#..........o.......# *,*
*,..g.......#####.##.#


You could see a bullfrog, a hound, an orc priest, an orc (inner flame) and a
quokka.

Vanquished Creatures
  An orc wizard (D:4)
  An adder (D:2)
  A leopard gecko (D:2)
  6 orcs (D:4)
  2 bats
  A goblin (D:2)
  3 hobgoblins
  4 jackals (D:2)
  2 kobolds (D:2)
  A quokka (D:2)
  A frilled lizard (D:1)
  A rat (D:3)
24 creatures vanquished.

Notes
Turn   | Place    | Note
-------+----------+-------------------------------------------
     0 | D:1      | Irenicus the Deep Dwarf Gladiator began the quest for the Orb.
     0 | D:1      | Reached XP level 1. HP: 19/19 MP: 1/1
    59 | D:2      | Reached skill level 4 in Axes
    59 | D:2      | Reached XP level 2. HP: 23/26 MP: 2/2
   256 | D:2      | Reached XP level 3. HP: 17/32 MP: 3/3
   282 | D:4      | Found a stormy altar of Qazlal.
   282 | D:4      | Noticed an air elemental
   291 | D:4      | Found a shimmering altar of Xom.
   291 | D:4      | Found a blossoming altar of Fedhas.
   291 | D:4      | Found a sparkling altar of Nemelex Xobeh.
   291 | D:4      | Noticed a bullfrog
   318 | D:4      | Noticed Ijyb
   319 | D:4      | Reached skill level 5 in Axes
   319 | D:4      | Killed from afar by an orc

Skill      XL: |  1  2  3 |
---------------+----------+-----
Axes           | 4 5 |  5.4
Fighting       | |  1.7
Throwing       | |  1.7
Dodging        | |  3.2

Action                   || total
-------------------------++-------
Melee: War axe           ||    64
 Abil: Heal Wounds       ||     1
  Use: Scroll            ||     6
       Potion            ||     2
Armor: Ring mail         ||    23
       Leather armour    ||    13
Dodge: Dodged            ||    79
